 Dungeon Crawl Stone Soup version 0.21.0 (webtiles) character file.

8016 theanonym the Cleaver (level 11, -5/89 HPs)
             Began as a Human Abyssal Knight on Jan 7, 2018.
             Was a High Priest of Lugonu.
             Slain by an orc warrior
             ... wielding a cursed -3 war axe
              (11 damage)
             ... on level 11 of the Dungeon.
             The game lasted 00:28:29 (14448 turns).

theanonym the Cleaver (Human Abyssal Knight)       Turns: 14448, Time: 00:28:30

Health: -5/89      AC: 16    Str: 15    XL:     11   Next: 48%
Magic:  17/17      EV:  1    Int: 13    God:    Lugonu [*****.]
Gold:   640        SH:  8    Dex: 13    Spells: 10/10 levels left

rFire    + . .     SeeInvis .   a - +3 broad axe
rCold    x . .     Gourm    +   h - +1 shield
rNeg     . . .     Faith    .   i - +0 plate armour {18}
rPois    .         Spirit   .   m - +0 helmet
rElec    .         Reflect  .   B - +2 cloak
rCorr    .         Harm     .   J - +0 pair of gloves
MR       .....                  (no boots)
Stlth    ..........             c - amulet of the gourmand {Gourm}
HPRegen  0.24/turn              n - ring of fire {rF+ rC-}
MPRegen  0.15/turn              (no ring)

@: about to teleport, slowed, very slow
A: no striking features
a: Depart the Abyss, Bend Space, Banish, Corrupt, Enter the Abyss, Renounce
Religion


   Skills:
 + Level 9.5 Fighting
 * Level 12.6 Axes
 - Level 2.0 Armour
 - Level 1.0 Dodging
 - Level 8.0 Invocations


You had 10 spell levels left.
You didn't know any spells.

Skill      XL: |  1  2  3  4  5  6  7  8  9 10 11 |
---------------+----------------------------------+-----
Axes           | 3 4 5 6 8 9 11 12 | 12.6
Fighting       | 4 5 6 7 8 9 |  9.5
Invocations    | 3 4 6 8 |  8.0
Armour         | |  2.0
Dodging        | |  1.0

Action                   |  1- 3 |  4- 6 |  7- 9 | 10-12 || total
-------------------------+-------+-------+-------+-------++-------
Melee: Hand axe          |    95 |   280 |     8 |       ||   383
       War axe           |       |       |   209 |       ||   209
       Broad axe         |       |       |   107 |   460 ||   567
 Fire: Hunting sling     |     4 |     2 |       |       ||     6
       Blowgun           |       |     6 |     1 |       ||     7
Throw: Tomahawk          |     6 |    14 |     4 |     1 ||    25
Invok: Bend Space        |       |     1 |       |       ||     1
       Banish            |       |       |     1 |     7 ||     8
Evoke: Wand              |       |       |    15 |     2 ||    17
  Use: Potion            |       |     4 |       |     2 ||     6
       Scroll            |       |     9 |     9 |     8 ||    26
  Eat: Chunk             |     2 |     9 |    14 |    15 ||    40
       Ration            |       |     1 |     1 |     1 ||     3
Armor: Ring mail         |    36 |    93 |       |       ||   129
       Plate armour      |       |    10 |   219 |   380 ||   609
Dodge: Dodged            |    37 |    88 |    17 |    20 ||   162
Block: Shield            |    24 |   103 |   114 |   195 ||   436

Inventory:

Hand Weapons
 a - a +3 broad axe (weapon)
   (You found it on level 6 of the Dungeon)
 l - a +0 blowgun
   (You took it off a kobold on level 3 of the Dungeon)
 r - the +8 dagger of Subterfuge {flame, SInv, unknown}
   (You found it on level 9 of the Dungeon)

   It has been specially enchanted to burn those struck by it, causing extra
   injury to most foes and up to half again as much damage against particularly
   susceptible opponents.
   It lets you see invisible.
 E - a +2 war axe of freezing
   (You took it off an orc on level 4 of the Dungeon)
 G - a +2 flail of protection
   (You took it off Edmund on level 6 of the Dungeon)
 M - a +0 hunting sling
   (You found it on level 1 of the Dungeon)
 O - a +0 war axe of holy wrath
   (You found it on level 4 of the Dungeon)
Missiles
 g - 7 tomahawks of returning (quivered)
 o - 365 stones
 q - 8 poisoned needles
 C - 4 curare-tipped needles
 D - 26 sling bullets
Armour
 h - a +1 shield (worn)
   (You found it on level 1 of the Dungeon)
 i - a +0 plate armour (worn) {18}
   (You took it off a goblin on level 3 of the Dungeon)
 m - a +0 helmet (worn)
   (You took it off Robin on level 3 of the Dungeon)
 B - a +2 cloak (worn)
   (You took it off Crazy Yiuf on level 3 of the Dungeon)
 H - a scarf of cloud immunity
   (You found it on level 10 of the Dungeon)
 J - a +0 pair of gloves (worn)
   (You found it on level 8 of the Dungeon)
Jewellery
 c - an amulet of the gourmand (around neck) {Gourm}
   (You found it on level 6 of the Dungeon)
 n - a ring of fire (left hand) {rF+ rC-}
   (You found it on level 5 of the Dungeon)
 p - an uncursed ring of ice {rC+ rF-}
   (You found it on level 7 of the Dungeon)
 v - an uncursed ring of fire {rF+ rC-}
   (You took it off a goblin on level 3 of the Dungeon)
 N - an uncursed ring of stealth {Stlth+}
   (You found it on level 9 of the Dungeon)
Wands
 d - a wand of digging (10)
   (You found it on level 10 of the Dungeon)
 F - a wand of disintegration (4)
   (You found it on level 6 of the Dungeon)
 I - a wand of polymorph (8)
   (You found it on level 10 of the Dungeon)
Scrolls
 b - a scroll of blinking
 s - 8 scrolls of remove curse
 t - 6 scrolls of teleportation {!r}
 y - 3 scrolls of magic mapping
 L - a scroll of enchant armour
Potions
 f - 2 potions of flight
 j - a potion of agility
 k - 2 potions of might
 x - 3 potions of magic
 z - 3 potions of mutation
 A - 2 potions of brilliance
 K - a potion of haste
Miscellaneous
 w - a lamp of fire
   (You found it on level 10 of the Dungeon)
Comestibles
 e - 25 rations


You were on level 11 of the Dungeon.
You worshipped Lugonu.
Lugonu was extremely pleased with you.
You were not hungry.

You visited 1 branch of the dungeon, and saw 11 of its levels.
You visited the Abyss 1 time.

You collected 640 gold pieces.

Dungeon Overview and Level Annotations

Branches:
Dungeon (11/15)            Temple (0/1) D:7            Lair (0/6) D:11
    Orc: D:9-12

Altars:
Kikubaaqudgha
Trog
Wu Jian

Annotations:
D:6 4 runed doors

#...#.# #...#.##
#...#..#
#...##.# #.####
### #
#.##8###.## 8##
#.#...#...#...#.
#.......).......
#..(...(@o.oo...
##.....oW[......
##...#...#...#.
##8###8## 8##
### ### #


You could see a wraith, 2 orc warriors and 2 orcs.

Notes
Turn   | Place    | Note
-------+----------+-------------------------------------------
     0 | Abyss:1  | theanonym the Human Abyssal Knight began the quest for the Orb.
     0 | Abyss:1  | Reached XP level 1. HP: 18/18 MP: 2/2
    43 | D:1      | Escaped the Abyss
   275 | D:1      | Reached XP level 2. HP: 24/24 MP: 3/3
   732 | D:1      | Reached XP level 3. HP: 29/29 MP: 4/4
   950 | D:2      | HP: 14/29 [leopard gecko (4)]
   956 | D:2      | Reached skill level 3 in Axes
  1020 | D:2      | HP: 11/29 [kobold/hand axe (4)]
  1026 | D:1      | HP: 11/29 [kobold/hand axe (1)]
  1423 | D:2      | Reached ** piety under Lugonu
  1528 | D:2      | Reached XP level 4. HP: 35/35 MP: 5/5
  1887 | D:2      | HP: 18/37 [adder (2)]
  1893 | D:2      | HP: 15/37 [poisoned by an adder]
  1899 | D:2      | HP: 14/37 [poisoned by an adder]
  1907 | D:2      | HP: 13/37 [poisoned by an adder]
  2251 | D:2      | Found a faded altar of an unknown god.
  2385 | D:2      | Reached skill level 4 in Axes
  2694 | D:3      | HP: 17/37 [asphyx]
  2698 | D:3      | HP: 8/37 [poisoned by kobold (curare-tipped needle)]
  2895 | D:3      | Reached skill level 4 in Fighting
  2895 | D:3      | Reached XP level 5. HP: 23/42 MP: 6/6
  2895 | D:3      | HP: 21/42 [orc (2)]
  3081 | D:3      | Noticed Robin
  3087 | D:3      | Killed Robin
  3368 | D:3      | Reached XP level 6. HP: 25/48 MP: 7/7
  3864 | D:3      | Reached *** piety under Lugonu
  3864 | D:3      | Reached skill level 5 in Axes
  3878 | D:3      | HP: 24/49 [adder (2)]
  3883 | D:3      | HP: 23/49 [poisoned by an adder]
  3889 | D:3      | HP: 21/49 [hobgoblin/club (1)]
  3895 | D:3      | HP: 13/49 [worm (3)]
  3897 | D:3      | HP: 6/49 [worm (7)]
  3902 | D:3      | HP: 4/49 [bat (1)]
  4353 | D:3      | Noticed Natasha
  4363 | D:3      | Killed Natasha
  4435 | D:3      | Noticed Natasha
  4449 | D:3      | Killed Natasha
  4460 | D:3      | Noticed Natasha
  4464 | D:3      | HP: 24/49 [something (5)]
  4468 | D:3      | Killed Natasha
  4653 | D:3      | Found a runed door.
  4657 | D:3      | Noticed Crazy Yiuf
  4669 | D:3      | HP: 24/49 [Crazy Yiuf/quarterstaff of chaos (4)]
  4674 | D:3      | HP: 19/49 [poisoned by Crazy Yiuf]
  4675 | D:3      | HP: 7/49 [Crazy Yiuf/quarterstaff of chaos (6)]
  4679 | D:3      | Killed Crazy Yiuf
  5012 | D:4      | Noticed komo4ek's ghost (amateur TeSu)
  5161 | D:3      | Reached XP level 7. HP: 44/55 MP: 8/8
  5479 | D:4      | Reached skill level 6 in Axes
  5574 | D:4      | Reached skill level 5 in Fighting
  5654 | D:4      | Killed komo4ek's ghost
  5995 | D:5      | Entered Level 5 of the Dungeon
  6149 | D:5      | Reached skill level 3 in Invocations
  6170 | D:5      | Reached XP level 8. HP: 62/62 MP: 10/10
  6219 | D:5      | HP: 29/63 [ogre/giant club (21)]
  6439 | D:5      | Reached skill level 7 in Axes
  6639 | D:5      | Reached skill level 4 in Invocations
  6915 | D:5      | Reached **** piety under Lugonu
  7198 | D:6      | HP: 29/64 [wyvern skeleton (5)]
  7200 | D:6      | Reached skill level 6 in Fighting
  7403 | D:6      | Reached skill level 8 in Axes
  7448 | D:6      | Noticed Edmund
  7465 | D:6      | Reached XP level 9. HP: 69/69 MP: 12/12
  7475 | D:6      | Killed Edmund
  7531 | D:6      | Reached skill level 5 in Invocations
  7555 | D:6      | Found a large runed door.
  7555 | D:6      | Found a large runed door.
  7852 | D:6      | Found a large runed door.
  7853 | D:6      | Found a large runed door.
  8142 | D:6      | Reached skill level 9 in Axes
  8301 | D:7      | Found an ancient bone altar of Kikubaaqudgha.
  8314 | D:7      | Found a staircase to the Ecumenical Temple.
  8661 | D:7      | Reached skill level 7 in Fighting
  8791 | D:7      | Reached skill level 6 in Invocations
  9481 | D:8      | Reached XP level 10. HP: 43/79 MP: 14/14
  9704 | D:8      | Reached skill level 10 in Axes
 10935 | D:9      | Reached skill level 7 in Invocations
 10943 | D:9      | Reached skill level 8 in Fighting
 11022 | D:9      | Noticed a three-headed hydra
 11024 | D:9      | Banished a three-headed hydra
 11024 | D:9      | Reached skill level 11 in Axes
 11529 | D:9      | Reached ***** piety under Lugonu
 11531 | D:9      | HP: 41/82 [centaur skeleton (5)]
 11537 | D:9      | HP: 39/82 [poisoned by a killer bee]
 11543 | D:9      | HP: 38/82 [poisoned by a killer bee]
 11551 | D:9      | HP: 38/82 [poisoned by a killer bee]
 11793 | D:9      | Found an ornate altar of the Wu Jian Council.
 12005 | D:9      | Got a brightly glowing dagger
 12140 | D:9      | Found a bloodstained altar of Trog.
 12281 | D:10     | Entered Level 10 of the Dungeon
 12310 | D:10     | HP: 37/82 [soldier ant (5)]
 12313 | D:10     | Reached skill level 8 in Invocations
 12313 | D:10     | Reached XP level 11. HP: 36/87 MP: 15/17
 12315 | D:10     | HP: 28/87 [poisoned by a soldier ant]
 12320 | D:9      | HP: 25/87 [poisoned by a soldier ant]
 12325 | D:9      | HP: 23/87 [poisoned by a soldier ant]
 12332 | D:9      | HP: 22/87 [poisoned by a soldier ant]
 12339 | D:9      | HP: 21/87 [poisoned by a soldier ant]
 12347 | D:9      | HP: 21/87 [poisoned by a soldier ant]
 13116 | D:10     | Reached skill level 9 in Fighting
 13283 | D:11     | Noticed a cyclops
 13302 | D:10     | Reached skill level 12 in Axes
 13504 | D:11     | Found a staircase to the Lair.
 13591 | D:11     | Banished a cyclops
 13775 | D:11     | Noticed an eight-headed hydra
 13781 | D:11     | Banished an eight-headed hydra
 13791 | D:11     | HP: 39/89 [orc warrior/dire flail of venom (12)]
 13796 | D:11     | HP: 36/89 [poisoned by an orc warrior]
 13801 | D:11     | HP: 26/89 [poisoned by an orc warrior]
 13806 | D:11     | HP: 20/89 [poisoned by an orc warrior]
 13811 | D:11     | HP: 15/89 [poisoned by an orc warrior]
 13816 | D:11     | HP: 12/89 [poisoned by an orc warrior]
 13821 | D:11     | HP: 10/89 [poisoned by an orc warrior]
 13826 | D:11     | HP: 9/89 [poisoned by an orc warrior]
 13833 | D:11     | HP: 9/89 [poisoned by an orc warrior]
 13841 | D:11     | HP: 9/89 [poisoned by an orc warrior]
 14445 | D:11     | HP: 43/89 [orc priest/divine providence (9)]
 14448 | D:11     | HP: 18/89 [orc warrior/short sword (8)]
 14448 | D:11     | HP: 6/89 [orc warrior/short sword (4)]
 14448 | D:11     | Slain by an orc warrior

Vanquished Creatures
  A centaur zombie (D:10)
  2 dream sheep (D:9)
  A wyvern (D:11)
  2 yaks (D:9)
  Edmund (D:6)
  2 soldier ants (D:10)
  The ghost of komo4ek the Caller, an amateur TeSu (D:4)
  2 hell hounds (D:11)
  3 sky beasts
  An ice beast (D:6)
  3 orc warriors
  3 phantoms
  4 ogres
  5 centaurs
  A crocodile (D:7)
  8 big kobolds
  6 bullfrogs
  A wyvern skeleton (D:6)
  A water moccasin skeleton (D:6)
  A scorpion (D:9)
  6 killer bees (D:9)
  A howler monkey (D:4)
  5 wights (D:8)
  4 crimson imps
  A bullfrog zombie (D:7)
  3 quasits
  5 hounds
  2 jellies
  8 orc priests
  9 orc wizards
  A gnoll shaman (D:6)
  Crazy Yiuf (D:3)
  A bullfrog skeleton (D:7)
  2 centaur skeletons
  3 iguanas
  Natasha (thrice) (D:3)
  7 worker ants
  Robin (D:3)
  A howler monkey zombie (D:10)
  12 gnolls
  9 adders
  2 shadow imps (D:10)
  2 oozes
  An adder skeleton (D:7)
  An adder zombie (D:7)
  6 worms
  3 dart slugs (D:2)
  6 leopard geckos
  39 orcs
  2 ball pythons
  4 bats
  2 giant cockroaches
  14 goblins
  3 hobgoblins
  12 jackals
  A quokka (D:3)
  3 frilled lizards
  34 kobolds
  A leopard gecko skeleton (D:7)
  A quokka skeleton (D:4)
  A quokka zombie (D:8)
  4 rats
276 creatures vanquished.

Vanquished Creatures (others)
  2 hydras
  A cyclops (D:11)
  3 orc warriors
  A big kobold (D:11)
7 creatures vanquished.

Grand Total: 283 creatures vanquished

Table legend:
 A = Turns spent in this place as a percentage of turns spent in the entire game.
 B = Non-inter-level travel turns spent in this place as a percentage of non-inter-level travel turns spent in the entire game.
 C = Inter-level travel turns spent in this place as a percentage of turns spent in this place.
 D = Turns resting spent in this place as a percentage of non-inter-level travel turns spent in this place.
 E = Turns spent auto-exploring this place as a percentage of non-inter-level travel turns spent in this place.
 F = Non-inter-level travel turns spent in this place divided by the number of levels of this place that you've seen.
                   A       B       C       D       E      F
               +-------+-------+-------+-------+-------+----------------------
         Total | 100.0 | 100.0 |   4.8 |  37.6 |  45.2 | 1146.2
       Dungeon |  99.7 |  99.7 |   4.8 |  37.7 |  45.1 | 1246.5
         Abyss |   0.3 |   0.3 |   0.0 |   0.0 |  95.3 |  43.0
               +-------+-------+-------+-------+-------+----------------------
